 Dungeon Sprint DCSS version 0.21-a0-405-gf2af9a1 (webtiles) character file.

208 Kidiri the Thaumaturge (level 5, -12/29 HPs)
             Began as a Deep Elf Fire Elementalist on Nov 2, 2017.
             Was an Initiate of Vehumet.
             Killed from afar by a deep elf mage (41 damage)
             ... with a shard of ice
             ... in the Dungeon (Sprint III: "The Ten Rune Challenge").
             The game lasted 00:02:58 (586 turns).

Kidiri the Thaumaturge (Deep Elf Fire Elementalist)  Turns: 586, Time: 00:02:59

Health: -12/29     AC:  5    Str:  5    XL:     5   Next: 55%
Magic:  15/20      EV: 13    Int: 21    God:    Vehumet [......]
Gold:   19         SH:  0    Dex: 15    Spells: 7/25 levels left

rFire    . . .     SeeInvis .   k - +0 dagger
rCold    . . .     Gourm    .   (no shield)
rNeg     . . .     Faith    .   a - +0 robe
rPois    .         Spirit   .   (helmet restricted)
rElec    .         Reflect  .   (no cloak)
rCorr    .         Harm     .   (no gloves)
MR       .....     NoTele   +   (no boots)
Stlth    ++........             (no amulet)
HPRegen  0.09/turn              (no ring)
MPRegen  0.17/turn              (no ring)

@: no status effects
A: antennae 1, thin metallic scales 2, wild magic 1
a: Renounce Religion


You were in the Dungeon.
You worshipped Vehumet.
Vehumet was noncommittal.
You were not hungry.

You visited 1 branch You collected 19 gold pieces.

Inventory:

Hand Weapons
 k - a +0 dagger (weapon)
Armour
 a - a +0 robe (worn)
Scrolls
 i - a scroll of blinking
 l - a scroll of torment {unknown}
 n - 2 scrolls of remove curse {unknown}
 q - a scroll of holy word {unknown}
Potions
 d - 2 potions of curing
 e - a potion of heal wounds
 f - a potion of haste
 g - 2 potions of magic
 h - a potion of berserk rage
 p - a potion of flight
 s - 3 potions of mutation
Comestibles
 c - a bread ration
 o - 2 royal jellies


   Skills:
 + Level 1.0 Fighting
 + Level 1.2 Short Blades
 + Level 1.0 Armour
 + Level 3.1 Dodging
 - Level 2.4 Stealth
 * Level 10.6 Spellcasting
 + Level 6.0 Conjurations
 + Level 6.9 Fire Magic


You had 7 spell levels left.
You knew the following spells:

 Your Spells              Type           Power        Failure   Level  Hunger
a - Flame Tongue          Conj/Fire      #####        1%          1    None
b - Throw Flame           Conj/Fire      #####.       1%          2    None
c - Conjure Flame         Conj/Fire      #####...     2%          3    None
d - Inner Flame           Hex/Fire       ####....     7%          3    None
e - Sticky Flame          Conj/Fire      #####...     7%          4    ##.....
f - Fireball              Conj/Fire      #####.....   17%         5    ####...


Dungeon Overview and Level Annotations

Branches:
Dungeon (1/1)

Altars:
Elyvilon
Kikubaaqudgha
Sif Muna
Vehumet
Zin
The Shining One


Innate Abilities, Weirdness & Mutations

You have a pair of small antennae on your head.
You are mostly covered in thin metallic scales. (AC +3)
Your spells are a little harder to cast, but a little more powerful.


Message History

Press: ? - help, Shift-Dir - straight line, f - deep elf mage
Aim: a deep elf mage, wielding a long sword of holy wrath The flame tongue misses the deep elf mage.
The deep elf mage casts a spell.
The deep elf mage blinks!
Casting: Flame Tongue
Confirm with . or Enter, or press ? or * to list all spells.
Aiming: Sticky Flame
Press: ? - help, Shift-Dir - straight line, f/p - deep elf mage
Aim: a deep elf mage, wielding a long sword of holy wrath The sticky flame hits the deep elf mage.
The deep elf mage is lightly wounded.
The deep elf mage is covered in liquid flames!
The deep elf mage burns!
The deep elf mage barely misses you.
Unknown command.
The deep elf mage burns!
The deep elf mage casts a spell at you. The shard of ice hits you!
Ouch! That really hurt!
You die...

▓▓▓▓▓ ▓▓▓ #...####
##.#####
#......#####..#___#
#.....÷.#!.#..#.@.#
##.##...#..#..###'#+###+
##.###..##+#..#...e......
###.##..###...'.⌠........
#..##.[####...#...######+
...##.%###....#.⌠.#
..##...##.....#...#
.##....#......#+###
###..##.#.....#..:#


You could see a deep elf mage (burning).

Vanquished Creatures
  A water elemental (D)
  A scorpion (D)
  A wizard (D)
  Jessica (D)
  A human (D)
  A kobold demonologist (D)
  An ooze (D)
  2 rats (D)
9 creatures vanquished.

Vanquished Creatures (others)
  2 draconian scorchers (D)
  6 hellions (D)
  2 yaktaurs (D)
10 creatures vanquished.

Grand Total: 19 creatures vanquished

Notes
Turn   | Place    | Note
-------+----------+-------------------------------------------
     0 | D        | Kidiri the Deep Elf Fire Elementalist began the quest for the Orb.
     0 | D        | Reached XP level 1. HP: 10/10 MP: 6/6
    22 | D        | Reached skill level 4 in Spellcasting
    84 | D        | Killed a yaktaur
    87 | D        | Killed a hellion
    88 | D        | Killed a hellion
    88 | D        | Killed a hellion
    89 | D        | Killed a hellion
    89 | D        | Killed a hellion
    90 | D        | Killed a hellion
   100 | D        | Noticed Jessica
   105 | D        | Killed Jessica
   105 | D        | Reached skill level 6 in Spellcasting
   105 | D        | Reached XP level 2. HP: 10/15 MP: 4/11
   105 | D        | Reached XP level 3. HP: 13/19 MP: 4/12
   109 | D        | Learned a level 2 spell: Throw Flame
   113 | D        | Learned a level 3 spell: Conjure Flame
   117 | D        | Learned a level 3 spell: Inner Flame
   197 | D        | Noticed a scorpion
   206 | D        | Killed a scorpion
   206 | D        | Reached skill level 8 in Spellcasting
   206 | D        | Reached skill level 5 in Fire Magic
   206 | D        | Reached XP level 4. HP: 24/24 MP: 10/16
   212 | D        | Learned a level 4 spell: Sticky Flame
   235 | D        | Killed a white draconian scorcher
   246 | D        | Killed a white draconian scorcher
   303 | D        | Gained mutation: You are partially covered in thin metallic scales. (AC +2) [potion of mutation]
   303 | D        | Gained mutation: You have a pair of small antennae on your head. [potion of mutation]
   303 | D        | Gained mutation: Your spells are a little harder to cast, but a little more powerful. [potion of mutation]
   303 | D        | Gained mutation: You are mostly covered in thin metallic scales. (AC +3) [potion of mutation]
   317 | D        | Noticed a water elemental
   320 | D        | Killed a water elemental
   320 | D        | Reached skill level 10 in Spellcasting
   320 | D        | Reached skill level 5 in Conjurations
   320 | D        | Reached XP level 5. HP: 28/28 MP: 7/19
   326 | D        | Killed a yaktaur
   328 | D        | Learned a level 5 spell: Fireball
   390 | D        | Found a radiant altar of Vehumet.
   391 | D        | Found a deep blue altar of Sif Muna.
   391 | D        | Found an ancient bone altar of Kikubaaqudgha.
   392 | D        | Noticed a rust devil
   393 | D        | Noticed a smoke demon
   395 | D        | Noticed a sun demon
   402 | D        | Reached skill level 1 in Fighting
   402 | D        | Reached skill level 1 in Short Blades
   402 | D        | Reached skill level 1 in Armour
   433 | D        | Became a worshipper of Vehumet
   582 | D        | Found a glowing silver altar of Zin.
   583 | D        | Found a glowing golden altar of the Shining One.
   583 | D        | Found a white marble altar of Elyvilon.
   583 | D        | Noticed a deep elf mage
   586 | D        | Killed from afar by a deep elf mage

Vault maps used:
D:        dungeon_sprint_mu

Skill      XL: |  1  2  3  4  5 |
---------------+----------------+-----
Spellcasting   | 6 8 10 | 10.6
Conjurations   | 3 4 5 6 |  6.0
Fire Magic     | 4 5 6 |  6.9
Dodging        | 3 |  3.1
Fighting       | 1 |  1.0
Short Blades   | 1 |  1.2
Armour         | 1 |  1.0
Stealth        | |  2.4

Action                   |  1- 3 |  4- 6 || total
-------------------------+-------+-------++-------
Melee: Unarmed           |     1 |       ||     1
 Cast: Flame Tongue      |    12 |     9 ||    21
       Conjure Flame     |       |     1 ||     1
       Sticky Flame      |       |     2 ||     2
       Fireball          |       |     1 ||     1
  Use: Scroll            |       |     2 ||     2
       Potion            |       |     1 ||     1
Armor: Robe              |       |     1 ||     1
Dodge: Dodged            |     2 |     1 ||     3

Table legend:
 A = Spawn XP
 B = Non-spawn XP
 C = Spawn XP percentage of total XP
 D = Spawn monster count
 E = Non-spawn monster count
 F = Spawn count percentage of total count
 G = Total turns spent on level
                    A         B        C        D         E        F      G
               +---------+---------+-------+---------+---------+-------+---------
         Total |       0 |     298 |   0.0 |       0 |       9 |   0.0 |   586
               +---------+---------+-------+---------+---------+-------+---------
             D |       0 |     298 |   0.0 |       0 |       9 |   0.0 |   586
               +---------+---------+-------+---------+---------+-------+---------
